 Dungeon Crawl Stone Soup version 0.25-a0-781-gc44aebf4fe (webtiles) character file.

Game seed: 7039018727239290973, levelgen mode: deterministic

0 Findor the Sneak (level 1, -2/15 HPs)
             Began as a Naga Enchanter on Apr 15, 2020.
             Slain by a hobgoblin (4 damage)
             ... on level 1 of the Dungeon.
             The game lasted 00:01:55 (48 turns).

Findor the Sneak (Naga Enchanter)                     Turns: 48, Time: 00:01:56

Health: -2/15      AC:  1    Str: 10    XL:     1   Next: 10%
Magic:  3/3        EV: 10    Int: 15    God:
Gold:   0          SH:  0    Dex: 11    Spells: 3/4 levels left

rFire    . . .     SeeInvis +   a - +1 dagger
rCold    . . .     Gourm    .   (no shield)
rNeg     . . .     Faith    .   b - +0 robe
rPois    +         Spirit   .   (no helmet)
rElec    .         Reflect  .   (no cloak)
rCorr    .         Harm     .   (no gloves)
MR       .....                  (no barding)
Stlth    ++........             (no amulet)
HPRegen  0.05/turn              (no ring)
MPRegen  0.08/turn              (no ring)

@: very slow
A: large, see invisible, deformed body, poison resistance, slowness 2, slow
metabolism 1, spit poison 1, AC +0
a: Spit Poison


You were on level 1 of the Dungeon.
You were not hungry.

You visited 1 branch of the dungeon, and saw 1 of its levels.


Innate Abilities, Weirdness & Mutations

You cannot wear boots.
Your serpentine skin is tough. (AC +0)
You have supernaturally acute eyesight. (SInv)
Armour fits poorly on your strangely shaped body.
Your system is resistant to poisons. (rPois)
You cover ground very slowly.
You have a slow metabolism.
You can spit poison.


   Skills:
 + Level 1.0 Short Blades
 + Level 1.5 Dodging
 + Level 4.4 Stealth
 + Level 2.0 Spellcasting
 + Level 3.0 Hexes


You had 3 spell levels left.
You knew the following spells:

 Your Spells              Type           Power        Failure   Level  Hunger
a - Corona                Hex            ##.....      6%          1    #......

Your spell library contained the following spells:

 Spells                   Type           Power        Failure   Level  Hunger
 Ensorcelled Hibernation  Hex/Ice        #.....       19%         2    ###....
 Confusing Touch          Hex            ##......     19%         3    ###....
 Tukima's Dance           Hex            ##......     19%         3    ###....
 Dazzling Flash           Conj/Hex       #.....       34%         3    ###....

Inventory:

Hand Weapons
 a - a +1 dagger (weapon)
Armour
 b - a +0 robe (worn)
Scrolls
 c - 3 scrolls of identify {unknown}
Potions
 e - a potion of heal wounds {unknown}
 f - 2 potions of mutation {unknown}
Comestibles
 d - a ration


Message History

Found 2 dark potions.
You closely miss the bat. The bat hits you but does no damage.
You hit the bat but do no damage. The bat hits you but does no damage.
The bat barely misses you.
You hit the bat but do no damage. The bat closely misses you.
The bat barely misses you. The bat hits you.
You hit the bat.
You kill the bat!
No target in view!
No target in view!
No target in view!
No target in view!
No target in view!
No target in view!
No target in view!
No target in view!
No target in view!
No target in view!
No target in view!
No target in view!
No target in view!
No target in view!
No target in view!
No target in view!
Found a runed cloak.
A bat comes into view.
The bat moves out of view.
f - 2 dark potions The bat is too close now for your liking.
Search for what [? for help]?
Okay, then.
There are monsters nearby!
Unknown command.
There are monsters nearby!
Enter note: sudoku The hobgoblin shouts!
The bat hits you. The bat hits you but does no damage.
The bat hits you but does no damage. The bat completely misses you.
The hobgoblin hits you. The bat hits you. The hobgoblin hits you.
* * * LOW HITPOINT WARNING * * *
The bat barely misses you. The bat hits you but does no damage.
The hobgoblin hits you.
* * * LOW HITPOINT WARNING * * *
The bat hits you.
* * * LOW HITPOINT WARNING * * *
The bat completely misses you. The hobgoblin hits you.
You die...

#....#.###
#....#.#..
#....#..>#
####....#####
##...#........
#######..........#..
#...b.#..........###
#.....#.....#.......
#[.@g......#........
#.....###.##..#.....
#.#.#.# #.##..#.#..#
#.....# #.........$#
##...## ####.####.##
..... ... .# ......
.... # ....... ....


You could see a hobgoblin and a bat.

Vanquished Creatures
  A bat (D:1)
1 creature vanquished.

Notes
Turn   | Place    | Note
-------+----------+-------------------------------------------
     0 | D:1      | Findor the Naga Enchanter began the quest for the Orb.
     0 | D:1      | Reached XP level 1. HP: 15/15 MP: 3/3
    41 | D:1      | sudoku
    47 | D:1      | HP: 3/15 [hobgoblin (5)]
    48 | D:1      | Slain by a hobgoblin

Levels and vault maps discovered:
D:1:      ebering_trefoil_twist, layout_loops_cross

Action                   || total
-------------------------++-------
Melee: Dagger            ||     4
Armor: Robe              ||     5
Dodge: Dodged            ||     6
